[Event "*** Titled Tuesday Blitz"]
[Site "Chess.com"]
[Date "2021.03.02"]
[Round "4"]
[White "KroshkaKami"]
[Black "CHENNAIBOND"]
[Result "1-0"]
[WhiteElo "2370"]
[BlackElo "1731"]
[TimeControl "180+1"]
[EndTime "10:37:24 PST"]
[Termination "KroshkaKami won by resignation"]

1. e4 c5 2. Nf3 Nc6 3. Bb5 g6 4.
Bxc6 dxc6 5. h3 Bg7 6. d3 Nf6 7. Nc3 Qc7 8. Be3 b6 9. Qd2 e5 10. Nh2 O-O 11. Bh6 Be6 12. O-O-O a5 13. Kb1 a4 14. Bxg7 Kxg7 15. Ng4 Ng8 16. Ne2 f6 17.
Ne3 Rfd8 18. Rdf1 c4 19. Qc3 cxd3 20. cxd3 Qd6 21. Rd1 c5 22. f4 exf4 23. Ng4 c4 24. d4 a3 25. d5 axb2 26. dxe6 1-0

[Event "*** Titled Tuesday Blitz"]
[Site "Chess.com"]
[Date "2021.03.02"]
[Round "4"]
[White "Eltaj_Safarli"]
[Black "MirMan90"]
[Result "1-0"]
[WhiteElo "2922"]
[BlackElo "2743"]
[TimeControl "180+1"]
[EndTime "10:37:27 PST"]
[Termination "Eltaj_Safarli won by resignation"]

1. e4 c6 2. d4 d5 3. exd5 cxd5 4. c4 e6 5. Nc3 Nf6 6. Nf3 Bb4 7. cxd5 Nxd5 8. Bd2 O-O 9. Bd3 h6 10. O-O Nc6 11. Re1 Bd7 12. a3 Bxc3 13. bxc3 Rc8 14. c4 Nf6 15. Bf4 Qa5 16. Qe2 Rfd8 17. h3 Be8 18.
Qe3 Kf8 19. Rad1 Qxa3 20. d5 exd5 21. Bxh6 Ng8 22. Bxg7+ Kxg7 23. Qg5+ Kf8 24. Bh7 Nce7 25. Rxe7 1-0

[Event "*** Titled Tuesday Blitz"]
[Site "Chess.com"]
[Date "2021.03.02"]
[Round "4"]
[White "bocah_sakit"]
[Black "Thjop"]
[Result "1-0"]
[WhiteElo "2870"]
[BlackElo "2668"]
[TimeControl "180+1"]
[EndTime "10:37:27 PST"]
[Termination "bocah_sakit won by resignation"]

1. e4 e6 2. d4 d5 3. Nc3 Bb4 4.
e5 c5 5. Bd2 Bxc3 6. Bxc3 Ne7 7. f4 b6 8. Nf3 Qc7 9. Qd2 Ba6 10. O-O-O Bxf1 11. Rhxf1 Nbc6 12. g4 h5 13. h3 hxg4 14.
hxg4 O-O-O 15. Ng5 cxd4 16. Bxd4 Nxd4 17. Qxd4 Nc6 18.
Qc3 Kb7 19. f5 d4 20. Qf3 exf5 21. gxf5 Rhe8 22. e6 f6 23. Nf7 Rc8 24. Rxd4 Kb8 25. Rc4 Ne5 26. Rxc7 Nxf3 27. Rxc8+ 1-0

[Event "*** Titled Tuesday Blitz"]
[Site "Chess.com"]
[Date "2021.03.02"]
[Round "4"]
[White "Smile2005"]
[Black "doons21"]
[Result "0-1"]
[WhiteElo "2350"]
[BlackElo "2600"]
[TimeControl "180+1"]
[EndTime "10:37:32 PST"]
[Termination "doons21 won by resignation"]

1. Nf3 Nf6 2. g3 g6 3. Bg2 Bg7 4. O-O O-O 5. d3 d5 6. Nc3 Nc6 7. e4 e5 8. Re1 dxe4 9. Nxe4 Nxe4 10. dxe4 h6 11. c3 a5 12. Be3 Be6 13. Qc2 Qe7 14. Bf1 f5 15. exf5 gxf5 16. Rad1 a4 17. Bc1 Bxa2 18.
Nh4 Bb3 19. Qe2 Bxd1 20. Qxd1 Qe6 21. Qh5 Ne7 22. Qf3 e4 23. Qe3 Nd5 24. Qc5 c6 25. c4 Ne7 26. Qb6 Qd7 27. Be2 Bd4 28. Qb4 c5 29. Qb6 Ra6 0-1

[Event "*** Titled Tuesday Blitz"]
[Site "Chess.com"]
[Date "2021.03.02"]
[Round "4"]
[White "indfraeng"]
[Black "LamaChampetre"]
[Result "0-1"]
[WhiteElo "2390"]
[BlackElo "2208"]
[TimeControl "180+1"]
[EndTime "10:37:37 PST"]
[Termination "LamaChampetre won by checkmate"]

1. d4 Nf6 2. c4 g6 3. g3 d5 4.
cxd5 Nxd5 5. Bg2 Nb6 6. Nf3 Bg7 7. O-O Nc6 8. e3 e5 9. b3 exd4 10. Bb2 Bg4 11. h3 Bxf3 12. Bxf3 O-O 13. Bxc6 bxc6 14.
Bxd4 Bxd4 15. Qxd4 Qxd4 16. exd4 Rad8 17. Rc1 Rxd4 18.
Na3 Re8 19. Rxc6 Re2 20. Rxc7 Rdd2 21. Rf1 Rxa2 22. Nc4 Nd5 23. Nd6 Nxc7 24. Rc1 Rac2 25. Ra1 Rxf2 26. Rxa7 Rfd2 27. Ra1 Rxd6 28. Re1 Rdd2 29.
b4 Kg7 30. Kf1 Nb5 31. Kg1 Nc3 32. b5 Rg2+ 33. Kh1 Rge2 34. Rf1 Ne4 35. Rb1 Nxg3+ 36. Kg1 Rg2# 0-1

[Event "*** Titled Tuesday Blitz"]
[Site "Chess.com"]
[Date "2021.03.02"]
[Round "4"]
[White "lamomiablanca"]
[Black "davidkalashian"]
[Result "0-1"]
[WhiteElo "2348"]
[BlackElo "2584"]
[TimeControl "180+1"]
[EndTime "10:37:40 PST"]
[Termination "davidkalashian won by checkmate"]

1. e4 c6 2. d4 g6 3. Nc3 Bg7 4. Nf3 d6 5. Be3 Nd7 6. Qd2 b5 7. Bd3 Ngf6 8. h3 O-O 9. Ne2 e5 10. Ng3 d5 11. dxe5 Nxe5 12. Nxe5 dxe4 13. Be2 Qc7 14.
Bf4 g5 15. Bxg5 Qxe5 16. O-O Nd5 17. Be3 f5 18. Rfd1 f4 19. Bc5 fxg3 20. Bxf8 gxf2+ 21. Kh1 Bxf8 22. c4 Bd6 23. cxd5 Qh2# 0-1

[Event "*** Titled Tuesday Blitz"]
[Site "Chess.com"]
[Date "2021.03.02"]
[Round "4"]
[White "aa175"]
[Black "ChessWarrior7197"]
[Result "0-1"]
[WhiteElo "2544"]
[BlackElo "2915"]
[TimeControl "180+1"]
[EndTime "10:37:43 PST"]
[Termination "ChessWarrior7197 won by resignation"]

1. d4 d5 2. Bf4 c5 3. e3 Nc6 4. Nf3 Nf6 5. Nbd2 Nh5 6. Be5 f6 7. c4 e6 8. cxd5 exd5 9. Bg3 cxd4 10. Nxd4 Nxg3 11. Nxc6 bxc6 12. hxg3 g6 13. Qc2 Kf7 14. Bd3 Kg7 15. Qxc6 Rb8 16. Rc1 Bb4 17. Qc7+ Bd7 18. Qf4 Bxd2+ 19. Kxd2 Rxb2+ 20. Ke1 Qa5+ 21. Kf1 Qd2 22.
Qh6+ Kf7 23. Bxg6+ hxg6 24. Qxg6+ Kxg6 0-1

[Event "*** Titled Tuesday Blitz"]
[Site "Chess.com"]
[Date "2021.03.02"]
[Round "4"]
[White "GCamachoMartinez"]
[Black "SanchezKelvin"]
[Result "1-0"]
[WhiteElo "2296"]
[BlackElo "2433"]
[TimeControl "180+1"]
[EndTime "10:37:43 PST"]
[Termination "GCamachoMartinez won by resignation"]

1. d4 Nf6 2. c4 e6 3. g3 c5 4. d5 exd5 5. cxd5 d6 6. Bg2 g6 7.
Nf3 Bg7 8. O-O O-O 9. Nc3 a6 10.
a4 Re8 11. Bd2 Ne4 12. Nxe4 Rxe4 13. Bc3 Bxc3 14. bxc3 Bg4 15. h3 Bxf3 16. Bxf3 Re7 17. Rb1 Qc7 18. Qb3 Ra7 19. Qb6 Qxb6 20. Rxb6 Rd7 21.
Rfb1 Kf8 22. e4 Ke7 23. Bg4 Rc7 24. f4 h5 25. Be2 Nd7 26. R6b2 Nf6 27. Bf3 Nd7 28. a5 c4 29. Rb4 Rc5 30. Rxb7 Rxb7 31. Rxb7 Rxa5 32. e5 dxe5 33. fxe5 Kd8 34. e6 fxe6 35.
dxe6 Nc5 36. e7+ 1-0

[Event "*** Titled Tuesday Blitz"]
[Site "Chess.com"]
[Date "2021.03.02"]
[Round "4"]
[White "DLR7"]
[Black "Babujj"]
[Result "1-0"]
[WhiteElo "2625"]
[BlackElo "2468"]
[TimeControl "180+1"]
[EndTime "10:37:45 PST"]
[Termination "DLR7 won by resignation"]

1. e4 e6 2. d4 d5 3. Bd3 Nf6 4. e5 Nfd7 5. f4 c5 6. c3 Nc6 7. Nf3 Be7 8. O-O a6 9. Be3 b5 10. a3 Qb6 11. Nbd2 Bb7 12. Qe1 O-O-O 13. Ng5 Bxg5 14.
fxg5 Ndxe5 15. dxe5 Nxe5 16. Be2 d4 17. cxd4 cxd4 18. Rc1+ Nc6 19. Bf2 e5 20. Bd3 Rhe8 21. Bg3 Re7 22. Ne4 Kb8 23. Nc5 Ba8 24. a4 Rd5 25. b4 Nxb4 26. Qxb4 1-0

[Event "*** Titled Tuesday Blitz"]
[Site "Chess.com"]
[Date "2021.03.02"]
[Round "4"]
[White "fabianvivasz"]
[Black "Brave_spirit12"]
[Result "0-1"]
[WhiteElo "2337"]
[BlackElo "2521"]
[TimeControl "180+1"]
[EndTime "10:37:45 PST"]
[Termination "Brave_spirit12 won by resignation"]

1. e4 e6 2. d4 d5 3. Nd2 c5 4.
Ngf3 Nc6 5. exd5 exd5 6. Bb5 Bd6 7. dxc5 Bxc5 8. O-O Ne7 9. Nb3 Bd6 10. Bg5 f6 11. Be3 O-O 12. h3 Bf5 13. Nfd4 Bd7 14. Re1 a6 15. Be2 Ne5 16. Nf3 Bc6 17. Nbd4 Qd7 18. Nxc6 bxc6 19. c4 Rae8 20. Qa4 Bb8 21. Rad1 Nf5 22.
Nxe5 Rxe5 23. Bg4 Qc7 24. g3 Nxe3 25. fxe3 Re4 0-1

[Event "*** Titled Tuesday Blitz"]
[Site "Chess.com"]
[Date "2021.03.02"]
[Round "4"]
[White "WcmDominicToretto"]
[Black "Vandros57"]
[Result "1-0"]
[WhiteElo "1949"]
[BlackElo "2225"]
[TimeControl "180+1"]
[EndTime "10:37:46 PST"]
[Termination "WcmDominicToretto won by resignation"]

1. e4 c5 2. Nc3 e6 3. f4 d5 4. Bb5+ Bd7 5. d3 Bxb5 6. Nxb5 Qa5+ 7. Nc3 d4 8. Bd2 dxc3 9. Bxc3 Qc7 10. Nf3 Qxf4 11.
O-O Qe3+ 12. Kh1 Nf6 13. Bd2 Ng4 14. Bxe3 Nxe3 15. Qe2 Nxf1 16. Rxf1 Be7 17. d4 cxd4 18. Qb5+ Nd7 19. Qxb7 Rb8 20. Qc6 Rb6 21. Qa4 Bc5 22. Ne5 Rd6 23. Rxf7 Rf8 24. Rxf8+ Kxf8 25. Nxd7+ Ke7 26.
Nxc5 1-0

[Event "*** Titled Tuesday Blitz"]
[Site "Chess.com"]
[Date "2021.03.02"]
[Round "4"]
[White "kingofthenil"]
[Black "Astaneh"]
[Result "0-1"]
[WhiteElo "2839"]
[BlackElo "2641"]
[TimeControl "180+1"]
[EndTime "10:37:47 PST"]
[Termination "Astaneh won by resignation"]

1. e4 c6 2. c4 d5 3. cxd5 cxd5 4.
exd5 Nf6 5. Nc3 Nxd5 6. Nf3 g6 7. Bc4 Nb6 8. Bb3 Bg7 9. d4 O-O 10. O-O Nc6 11. d5 Na5 12. h3 Bf5 13. Re1 Rc8 14.
Bg5 Re8 15. Qe2 Nxb3 16. axb3 Nxd5 17. Rxa7 Nxc3 18. bxc3 Qb6 19. Be3 Qxb3 20. Nd4 Qxc3 21. Nxf5 gxf5 22. Rxb7 Qe5 23. Qf3 Qe4 24. Qg3 Qxb7 25.
Bh6 Qb2 26. Bf4 Qf6 27. Re3 e5 28. Bxe5 Rxe5 0-1

[Event "*** Titled Tuesday Blitz"]
[Site "Chess.com"]
[Date "2021.03.02"]
[Round "4"]
[White "Balla_Tamas"]
[Black "jacky72"]
[Result "0-1"]
[WhiteElo "2502"]
[BlackElo "2691"]
[TimeControl "180+1"]
[EndTime "10:37:47 PST"]
[Termination "jacky72 won by resignation"]

1. e4 e5 2. Nf3 Nc6 3. d4 exd4 4.
Nxd4 Nf6 5. Nxc6 bxc6 6. e5 Qe7 7. Qe2 Nd5 8. c4 Nb6 9. Nd2 Qe6 10. b3 Bb4 11.
Bb2 O-O 12. g3 d5 13. exd6 Qxd6 14. O-O-O Bf5 15. Qe5 Qg6 16. Nf3 Rfe8 17. Nh4 Rxe5 18. Nxg6 Ree8 19. Nf4 Bg4 20. Bg2 Bxd1 21. Bxc6 Bg4 22.
Bxa8 Rxa8 23. a3 0-1

[Event "*** Titled Tuesday Blitz"]
[Site "Chess.com"]
[Date "2021.03.02"]
[Round "4"]
[White "Enriquack"]
[Black "publicaccountcze"]
[Result "1-0"]
[WhiteElo "2447"]
[BlackElo "2209"]
[TimeControl "180+1"]
[EndTime "10:37:47 PST"]
[Termination "Enriquack won by resignation"]

1. e4 c5 2. Nc3 d6 3. f4 Nc6 4. Nf3 e6 5. Bb5 Nf6 6. Bxc6+ bxc6 7. O-O Be7 8. d3 O-O 9. e5 Nd5 10. Ne4 Ba6 11. c4 Nb6 12. b3 f6 13. Bb2 fxe5 14. fxe5 d5 15. Ng3 Qc7 16. Qe2 Bb7 17. Nd2 a5 18. Qg4 Qd7 19. Nh5 g6 20. Nf6+ Bxf6 21. exf6 Kf7 22. Nf3 Kg8 23. Ne5 1-0

[Event "*** Titled Tuesday Blitz"]
[Site "Chess.com"]
[Date "2021.03.02"]
[Round "4"]
[White "DrCeltic"]
[Black "andy_rekt"]
[Result "1-0"]
[WhiteElo "2440"]
[BlackElo "2267"]
[TimeControl "180+1"]
[EndTime "10:37:48 PST"]
[Termination "DrCeltic won by resignation"]

1. e4 e6 2. d4 d5 3. Nd2 Nf6 4. e5 Nfd7 5. Bd3 c5 6. f4 cxd4 7. Ngf3 Nc6 8. O-O Bc5 9. Nb3 Bb6 10. Kh1 O-O 11. Bxh7+ Kxh7 12. Ng5+ Kg6 13. Qd3+ f5 14.
exf6+ Kxf6 15. Qh3 Nc5 16. Nh7+ Ke7 17. f5 Kd7 18.
Nxf8+ Kc7 19. Nxe6+ Bxe6 20. fxe6 Nxb3 21. Bf4+ Kc8 22.
e7+ 1-0

[Event "*** Titled Tuesday Blitz"]
[Site "Chess.com"]
[Date "2021.03.02"]
[Round "4"]
[White "FLamps8"]
[Black "Murad_Ibrahimli"]
[Result "0-1"]
[WhiteElo "2664"]
[BlackElo "2862"]
[TimeControl "180+1"]
[EndTime "10:37:50 PST"]
[Termination "Murad_Ibrahimli won by resignation"]

1. d4 d5 2. Bf4 Nf6 3. e3 c5 4. c3 Qb6 5. Qb3 Nc6 6. Nd2 Bf5 7. dxc5 Qxb3 8. Nxb3 e5 9. Bg3 Ne4 10. O-O-O O-O-O 11. Nf3 f6 12. c4 Nb4 13. Rxd5 Nxd5 14. cxd5 Rxd5 15. Bc4 Rd8 16. Nh4 Bd7 17. f4 exf4 18.
exf4 Nxc5 19. Nxc5 Bxc5 20. Nf3 Bf5 21. Re1 Rhe8 22.
Rxe8 Rxe8 23. Kd2 Be4 24. Nh4 Rd8+ 25. Ke2 g6 26. Be6+ Kc7 27. f5+ Kc6 28. a3 Bd3+ 29. Kf3 g5 0-1

[Event "*** Titled Tuesday Blitz"]
[Site "Chess.com"]
[Date "2021.03.02"]
[Round "4"]
[White "CheckThis4"]
[Black "Kozok"]
[Result "1-0"]
[WhiteElo "2621"]
[BlackElo "2451"]
[TimeControl "180+1"]
[EndTime "10:37:50 PST"]
[Termination "CheckThis4 won by checkmate"]

1. e4 c5 2. Nf3 e6 3. Nc3 Nc6 4. Bb5 Nd4 5. Bc4 Ne7 6. Nxd4 cxd4 7.
Ne2 Nc6 8. d3 Bb4+ 9. c3 dxc3 10. bxc3 Ba5 11. Ba3 d6 12. O-O O-O 13. Rb1 Re8 14.
d4 d5 15. Bd3 a6 16. e5 b5 17.
f4 Bb6 18. Kh1 Na5 19. Ng3 Bb7 20. f5 Nc4 21. Bc1 Ba5 22. f6 Bxc3 23. Qh5 h6 24.
Bxh6 gxf6 25. Qg4+ Kh8 26. Qg7# 1-0

[Event "*** Titled Tuesday Blitz"]
[Site "Chess.com"]
[Date "2021.03.02"]
[Round "4"]
[White "Parhamov"]
[Black "seorobert1971"]
[Result "1-0"]
[WhiteElo "2886"]
[BlackElo "2644"]
[TimeControl "180+1"]
[EndTime "10:37:54 PST"]
[Termination "Parhamov won by resignation"]

1. c4 e6 2. g3 Nf6 3. Bg2 d5 4. Nf3 Be7 5. O-O O-O 6. d4 c6 7.
b3 b6 8. Bb2 Bb7 9. Nc3 Nbd7 10.
Qc2 Rc8 11. Rad1 Qc7 12. Qb1 Rfe8 13. Rfe1 Qb8 14. e4 dxe4 15. Ne5 c5 16. Nxd7 Nxd7 17. d5 exd5 18. Nxd5 Bxd5 19. Rxd5 Nf6 20. Re5 Bf8 21. Rxe8 Rxe8 22. Bxf6 gxf6 23. Bxe4 Kg7 24. Rd1 Qe5 25. Bf3 Bd6 26. Kg2 Qe6 27. Bd5 Qe7 28. Qf5 Qe5 29. Qg4+ Kf8 30. Rd3 Qg5 31. Qd7 Be7 32. Re3 a5 33. Bc6 1-0

[Event "*** Titled Tuesday Blitz"]
[Site "Chess.com"]
[Date "2021.03.02"]
[Round "4"]
[White "SamuelGhimpu2003"]
[Black "GLeruste"]
[Result "0-1"]
[WhiteElo "2637"]
[BlackElo "2495"]
[TimeControl "180+1"]
[EndTime "10:37:54 PST"]
[Termination "GLeruste won by resignation"]

1. e4 e5 2. Nf3 Nf6 3. Nxe5 Nxe4 4. Qe2 Qe7 5. Qxe4 d6 6. d4 dxe5 7. dxe5 Nc6 8. Bb5 Bd7 9. O-O O-O-O 10. Bxc6 Bxc6 11.
Qe3 Kb8 12. Nc3 Rg8 13. a4 f6 14. exf6 gxf6 15. g3 Qd7 16. Qe2 Qh3 17. f3 Bc5+ 18.
Kh1 Rxg3 19. Ne4 Rxf3 20. Rxf3 Bxe4 0-1

[Event "*** Titled Tuesday Blitz"]
[Site "Chess.com"]
[Date "2021.03.02"]
[Round "4"]
[White "Unknown_IM"]
[Black "masrahi"]
[Result "1-0"]
[WhiteElo "2378"]
[BlackElo "2223"]
[TimeControl "180+1"]
[EndTime "10:37:54 PST"]
[Termination "Unknown_IM won by resignation"]

1. e4 e5 2. Nf3 Nc6 3. Bb5 a6 4.
Ba4 d6 5. c3 Bd7 6. d3 Qf6 7.
O-O h6 8. d4 g5 9. dxe5 dxe5 10. Qb3 O-O-O 11. Be3 Nge7 12. Nbd2 Ng6 13. Rfd1 Nf4 14.
Bxf4 gxf4 15. Nc4 Bc5 16. Bxc6 Bxc6 17. Ncxe5 Bxe4 18. Qxf7 Qb6 19. Nd4 Bxd4 20. cxd4 Rxd4 21. Rac1 Rhd8 22. Rxd4 Rxd4 23. Nc4 Qc6 24. f3 Bd5 25. Qf8+ Kd7 26. Ne5+ 1-0

[Event "*** Titled Tuesday Blitz"]
[Site "Chess.com"]
[Date "2021.03.02"]
[Round "4"]
[White "MergenKakabaev"]
[Black "enriquebutti"]
[Result "0-1"]
[WhiteElo "2383"]
[BlackElo "2180"]
[TimeControl "180+1"]
[EndTime "10:37:55 PST"]
[Termination "enriquebutti won by resignation"]

1. e4 c5 2. Nf3 d6 3. d4 cxd4 4. Nxd4 Nf6 5. Nc3 a6 6. Bg5 e6 7. f4 b5 8. Qf3 Bb7 9. a3 Nbd7 10. O-O-O Rc8 11. Bd3 Rxc3 12. bxc3 Qc7 13. Kd2 Be7 14. g4 Nc5 15. Bxf6 gxf6 16. f5 d5 17. exd5 Bxd5 18. Qe2 e5 19. Nb3 Na4 20. Ke3 Nxc3 21. Qd2 Qb6+ 0-1

[Event "*** Titled Tuesday Blitz"]
[Site "Chess.com"]
[Date "2021.03.02"]
[Round "4"]
[White "Buryshin_Vasyl"]
[Black "zverr1"]
[Result "0-1"]
[WhiteElo "2212"]
[BlackElo "2471"]
[TimeControl "180+1"]
[EndTime "10:37:55 PST"]
[Termination "zverr1 won by resignation"]

1. b3 e5 2. Bb2 Nc6 3. e3 d5 4.
Bb5 Ne7 5. Ne2 a6 6. Bxc6+ Nxc6 7. f4 Bg4 8. h3 Qh4+ 9. g3 Bxe2 10. Qxe2 Qxg3+ 11.
Kd1 O-O-O 12. Na3 exf4 13. Qg4+ Qxg4+ 14. hxg4 fxe3 15. dxe3 f6 16. g5 Bxa3 17. Bxa3 fxg5 18. Rg1 h6 19. Ke2 Rhe8 20. Raf1 Rd7 21. Rf5 Ne5 22. Rgf1 Ng4 23. Rf7 Nxe3 24. Rxd7 Nxf1+ 25. Kxf1 Kxd7 26. c4 dxc4 27. bxc4 0-1

[Event "*** Titled Tuesday Blitz"]
[Site "Chess.com"]
[Date "2021.03.02"]
[Round "4"]
[White "jefferyx"]
[Black "Arseniy_Nesterov"]
[Result "1/2-1/2"]
[WhiteElo "3021"]
[BlackElo "2796"]
[TimeControl "180+1"]
[EndTime "10:37:57 PST"]
[Termination "Game drawn by agreement"]

1. e4 e5 2. Nf3 Nc6 3. Nc3 Nf6 4.
d4 Bb4 5. Nxe5 Qe7 6. Qd3 Nxe5 7. dxe5 Qxe5 8. Bd2 O-O 9. O-O-O d6 10. f3 Be6 11.
a3 Bc5 12. g4 Qd4 13. Qe2 Qf2 14. Qxf2 Bxf2 15. h3 Rfe8 16. f4 Bd7 17. Bd3 Bc6 18.
Rhf1 Bd4 19. Ne2 Bb6 20. e5 dxe5 21. fxe5 Rxe5 22. Bc3 Re3 23. Bxf6 gxf6 24. Nf4 Bf3 25. Rde1 Rae8 26. Rxe3 Bxe3+ 27. Kb1 Bxf4 28. Rxf3 Re1+ 29. Ka2 Be5 30. Bf5 Rd1 31. Rb3 b6 32. Rd3 Rxd3 1/2-1/2

[Event "*** Titled Tuesday Blitz"]
[Site "Chess.com"]
[Date "2021.03.02"]
[Round "4"]
[White "suneebaker"]
[Black "AniJak"]
[Result "0-1"]
[WhiteElo "2161"]
[BlackElo "2336"]
[TimeControl "180+1"]
[EndTime "10:37:58 PST"]
[Termination "AniJak won by resignation"]

1. e4 c5 2. b4 cxb4 3. a3 e6 4. d4 d5 5. e5 Nc6 6. Nf3 bxa3 7. c3 Bd7 8. Bd3 h6 9. O-O g5 10. Bxa3 Bxa3 11. Nxa3 Nge7 12. Nb5 Nc8 13. Nd2 N6e7 14. c4 Bxb5 15. cxb5 Nb6 16. Qh5 Qd7 17. f4 O-O-O 18. Rxa7 Kb8 19. Rfa1 Nec8 20. R7a5 gxf4 21. Qd1 Rhg8 22.
Qc1 Qc7 23. Qa3 Qe7 24. Ra8+ Nxa8 25. Qxa8+ Kc7 26. Rc1+ Kd7 27. Qxb7+ Ke8 28. Rc7 Qa3 29. Rxc8 Qxd3 30. Qc6+ Ke7 31. Qd6+ Rxd6 0-1

[Event "*** Titled Tuesday Blitz"]
[Site "Chess.com"]
[Date "2021.03.02"]
[Round "4"]
[White "Zkid"]
[Black "BigAl"]
[Result "1-0"]
[WhiteElo "2820"]
[BlackElo "2531"]
[TimeControl "180+1"]
[EndTime "10:37:59 PST"]
[Termination "Zkid won by resignation"]

1. e4 c6 2. d4 d5 3. exd5 cxd5 4. Bd3 Nc6 5. c3 Qc7 6. Ne2 e5 7. dxe5 Nxe5 8. Bb5+ Bd7 9. Bxd7+ Qxd7 10. O-O Nf6 11. Re1 O-O-O 12. Bf4 Bd6 13. Nd4 Rhe8 14. Nd2 Nd3 15. Rxe8 Rxe8 16. Bxd6 Qxd6 17. Qf3 Nc5 18. h3 a6 19. Nf5 Qe5 20. Nxg7 Rg8 21. Qf5+ Qxf5 22. Nxf5 Nd3 23. Ne7+ Kd7 24. Nxg8 Nxg8 25. Nf3 Kd6 26. Rd1 Nxb2 27. Rb1 Na4 28. Rxb7 Nxc3 29. Rxf7 Ne7 30. Rxh7 Nc6 31. a3 d4 32. Nxd4 Nxd4 33. Ra7 Ke5 34. Rxa6 Nde2+ 35. Kh2 Nd1 36. Ra8 Nd4 37.
Re8+ Kd5 38. f4 Ne6 39. f5 Ng7 40. f6 1-0

[Event "*** Titled Tuesday Blitz"]
[Site "Chess.com"]
[Date "2021.03.02"]
[Round "4"]
[White "ChainsOfFantasia"]
[Black "j_coca"]
[Result "0-1"]
[WhiteElo "2447"]
[BlackElo "2318"]
[TimeControl "180+1"]
[EndTime "10:37:59 PST"]
[Termination "j_coca won by checkmate"]

1. d4 f5 2. Nf3 Nf6 3. g3 g6 4. Bg2 Bg7 5. O-O O-O 6. Nbd2 d6 7. Re1 Nc6 8. e4 e6 9. c3 Kh8 10. e5 dxe5 11. dxe5 Ng4 12. Nc4 Qxd1 13. Rxd1 Ngxe5 14. Ncxe5 Nxe5 15. Nd4 c6 16. Bg5 Nf7 17. Be3 e5 18.
Nb3 Re8 19. a4 g5 20. a5 f4 21.
Bc5 a6 22. Nd2 Bf5 23. Nc4 h6 24. Rd2 Rad8 25. Rad1 Rxd2 26. Rxd2 e4 27. gxf4 gxf4 28. Nd6 Nxd6 29. Bxd6 Be5 30. Bxe5+ Rxe5 31. Bf1 Rxa5 32. Rd8+ Kg7 33. Rb8 Ra1 34. Rxb7+ Kf6 35. Kg2 f3+ 36. Kg3 Rxf1 37. Rb6 Ke5 38. Rxc6 Rg1+ 39. Kh4 Rg2 40. Rxa6 Rxh2+ 41. Kg3 Rh3# 0-1

[Event "*** Titled Tuesday Blitz"]
[Site "Chess.com"]
[Date "2021.03.02"]
[Round "4"]
[White "andrewtnb"]
[Black "WilliamSchill"]
[Result "1-0"]
[WhiteElo "2308"]
[BlackElo "2103"]
[TimeControl "180+1"]
[EndTime "10:38:00 PST"]
[Termination "andrewtnb won by resignation"]

1. d4 Nf6 2. c4 g6 3. Nc3 Bg7 4.
e4 d6 5. Nf3 O-O 6. Be2 e5 7. O-O Nc6 8. d5 Ne7 9. Nh4 a5 10. Be3 Nd7 11. g4 Nc5 12. Qd2 c6 13. Ng2 cxd5 14. cxd5 f5 15. gxf5 gxf5 16. Bxc5 dxc5 17.
f3 Rf7 18. Kh1 Qf8 19. d6 Nc6 20. Bc4 Nd4 21. Bxf7+ Kxf7 22. f4 Bh6 23. Qd1 Kg8 24.
fxe5 1-0

[Event "*** Titled Tuesday Blitz"]
[Site "Chess.com"]
[Date "2021.03.02"]
[Round "4"]
[White "Rap_woyska"]
[Black "FeketeBarika"]
[Result "1-0"]
[WhiteElo "2563"]
[BlackElo "2241"]
[TimeControl "180+1"]
[EndTime "10:38:03 PST"]
[Termination "Rap_woyska won by resignation"]

1. Nf3 e6 2. g3 d5 3. Bg2 Nf6 4. O-O Be7 5. c4 O-O 6. d4 dxc4 7. Qc2 a6 8. a4 Bd7 9. Qxc4 b5 10. Qc2 b4 11. Nbd2 Ra7 12. Nb3 a5 13. e4 Qc8 14.
Ne5 Rd8 15. Be3 Be8 16. Rfc1 Bf8 17. g4 Nfd7 18. Nc4 c5 19. Ncxa5 Na6 20. e5 Rc7 21. Qe2 cxd4 22. Rxc7 Qxc7 23. Rc1 Qxe5 24. Nc6 Qf6 25.
Bxd4 e5 26. Nxd8 Qxd8 27. Be3 Qf6 28. Rc6 1-0

[Event "*** Titled Tuesday Blitz"]
[Site "Chess.com"]
[Date "2021.03.02"]
[Round "4"]
[White "onetowin"]
[Black "Nayemhaque22"]
[Result "0-1"]
[WhiteElo "2136"]
[BlackElo "2298"]
[TimeControl "180+1"]
[EndTime "10:38:03 PST"]
[Termination "Nayemhaque22 won by resignation"]

1. d4 d5 2. Nf3 Nf6 3. g3 Bf5 4.
Bg2 h6 5. O-O e6 6. c4 Nbd7 7.
Nfd2 Be7 8. Nc3 c6 9. e4 dxe4 10. Ndxe4 O-O 11. Bf4 Nxe4 12. Nxe4 Nf6 13. Nxf6+ Bxf6 14. Be5 Bxe5 15. dxe5 Bd3 16. Re1 Bxc4 17. Qc2 Bd5 18.
Rad1 Qa5 19. b3 Rfd8 20. Re3 Bxg2 21. Kxg2 Rd5 22. Red3 Rad8 23. f4 Rxd3 24. Rxd3 Rxd3 25. Qxd3 Qd5+ 26. Qxd5 cxd5 27. Kf3 f6 28. exf6 gxf6 29. g4 e5 30. f5 Kf7 31. h4 h5 32. b4 hxg4+ 33. Kxg4 b5 34. Kh5 d4 35. Kg4 d3 36.
Kf3 Kg7 37. Ke3 e4 0-1

[Event "*** Titled Tuesday Blitz"]
[Site "Chess.com"]
[Date "2021.03.02"]
[Round "4"]
[White "rquery98"]
[Black "AlexeiShirov"]
[Result "0-1"]
[WhiteElo "2628"]
[BlackElo "2827"]
[TimeControl "180+1"]
[EndTime "10:38:04 PST"]
[Termination "AlexeiShirov won by resignation"]

1. Nf3 d5 2. g3 Nf6 3. Bg2 g6 4. c4 c6 5. b3 Bg7 6. Bb2 O-O 7. O-O Bf5 8. d3 Nbd7 9. Nbd2 a5 10. a3 Re8 11. Rc1 e5 12. b4 axb4 13. axb4 e4 14.
dxe4 dxe4 15. Nd4 e3 16. fxe3 Ng4 17. Qb3 Rxe3 18. Qd1 Ra2 19. Nxf5 Rxb2 20. Nxe3 Nxe3 21. Qe1 Ne5 22. Nf3 Nxf1 23. Qxf1 Ng4 24. Qd1 Qe7 25. Qd3 Qxb4 26. h3 Qc5+ 27. e3 Nxe3 28. Qd8+ Bf8 0-1

[Event "*** Titled Tuesday Blitz"]
[Site "Chess.com"]
[Date "2021.03.02"]
[Round "4"]
[White "HackingKid98"]
[Black "Piccadilly123"]
[Result "1-0"]
[WhiteElo "2447"]
[BlackElo "2254"]
[TimeControl "180+1"]
[EndTime "10:38:06 PST"]
[Termination "HackingKid98 won by checkmate"]

1. c4 e5 2. g3 Nf6 3. Bg2 d5 4. cxd5 Nxd5 5. Nf3 Nb6 6. Nxe5 Bd6 7. Nf3 O-O 8. O-O f5 9. Nc3 f4 10. d4 Bg4 11.
Ne5 Bxe5 12. dxe5 Qxd1 13. Rxd1 fxg3 14. hxg3 c6 15. b3 N8d7 16. Ba3 Rfe8 17. f4 a5 18. Na4 Nxa4 19. bxa4 g5 20. Kf2 Nf8 21. Bxf8 Rxf8 22. Bf3 h5 23. Bxg4 hxg4 24. Ke3 Rad8 25. Ke4 gxf4 26.
gxf4 Kf7 27. f5 Rxd1 28. Rxd1 g3 29. Rg1 Rg8 30. Kf3 Ke7 31. Rxg3 Rxg3+ 32. Kxg3 c5 33.
Kf4 b6 34. Ke4 Kf7 35. Kd5 Ke7 36. e6 Ke8 37. f6 Kf8 38. e7+ Kf7 39. Kd6 c4 40.
Kd7 c3 41. e8=Q+ Kxf6 42. Qc8 b5 43. Qxc3+ Kf5 44. axb5 a4 45. Qa5 a3 46. Qa4 Ke5 47.
Qxa3 Ke4 48. b6 Kf4 49. b7 Ke4 50. b8=Q Kd5 51. Qbd6+ Ke4 52. Qf3# 1-0

[Event "*** Titled Tuesday Blitz"]
[Site "Chess.com"]
[Date "2021.03.02"]
[Round "4"]
[White "Kaua18"]
[Black "Gerodot71"]
[Result "0-1"]
[WhiteElo "2340"]
[BlackElo "2550"]
[TimeControl "180+1"]
[EndTime "10:38:07 PST"]
[Termination "Gerodot71 won on time"]

1. e4 e5 2. Nf3 Nc6 3. Bb5 a6 4. Ba4 Nf6 5. O-O Be7 6. Re1 b5 7. Bb3 d6 8. c3 O-O 9. h3 Nb8 10.
d4 Nbd7 11. c4 c6 12. Nc3 Bb7 13. a3 Qc7 14. Nh4 Rfe8 15. Nf5 Bf8 16. cxb5 axb5 17. Bxf7+ Kxf7 18. Qb3+ d5 19. exd5 cxd5 20. dxe5 Rxe5 21. Rxe5 Qxe5 22. Ne3 Nc5 23. Qxb5 d4 24. Qc4+ Kg6 25. b4 dxe3 26. bxc5 exf2+ 27. Kxf2 Qxc3 28. Qxc3 Ne4+ 29. Ke2 Nxc3+ 30. Kd3 Na4 31. Rb1 Nxc5+ 0-1